 Dungeon Crawl Stone Soup version 0.28-a0-1389-gc726bef33b (webtiles) character file.

Game seed: 9880671474198234998

1458 Warped the Cruncher (level 9, 0/64 HPs)
             Began as a Formicid Fighter on Jan 4, 2022.
             Succumbed to a cane toad's poison
             ... on level 5 of the Dungeon.
             The game lasted 00:07:35 (5868 turns).

Warped the Cruncher (Formicid Fighter)              Turns: 5868, Time: 00:07:35

Health: 0/64       AC:  9    Str: 28    XL:     9   Next: 5%
Magic:  2/9        EV:  8    Int:  7    God:
Gold:   313        SH:  5    Dex:  6    Spells: 8/8 levels left

rFire   . . .      SeeInvis +   a - +0 quarterstaff
rCold   . . .      Faith    +   c - +1 buckler
rNeg    + . .      Spirit   .   w - +0 chain mail
rPois   .          Reflect  .   (helmet unavailable)
rElec   .          Harm     .   (no cloak)
rCorr   .          Rampage  .   (no gloves)
Will    .....      Clarity  +   (no boots)
Stlth   ..........              e - amulet of faith
HPRegen 0.20/turn               k - ring of positive energy
MPRegen 0.11/turn               (no ring)

@: lethally poisoned (0 -> -1)
A: permanent stasis, dig shafts and tunnels, antennae 3, four strong arms,
hooves 1, clarity, clumsy 2, dopey 1, strong 2, MP-powered wands
a: Dig, Shaft Self


You were on level 5 of the Dungeon.
You visited 1 branch of the dungeon, and saw 5 of its levels.
You also visited: Sewer.

You collected 313 gold pieces.

Inventory:

Hand Weapons
 a - a +0 quarterstaff (weapon)
 l - a +1 short sword of protection
 r - a +0 hunting sling
 u - a +1 hunting sling of flaming
 v - a +0 morningstar
Missiles
 d - 25 poisoned darts
 f - 163 stones
 h - 40 bolts
Armour
 b - a +0 scale mail
 c - a +1 buckler (worn)
 j - a +0 troll leather armour
 s - a +2 robe of cold resistance
 w - a +0 chain mail (worn)
Magical Staves
 q - a staff of earth
Jewellery
 e - an amulet of faith (around neck)
 k - a ring of positive energy (left hand)
 n - a ring of positive energy
Wands
 o - a wand of polymorph (6)
Scrolls
 g - 2 scrolls of immolation {unknown}
 i - 2 scrolls of enchant armour
 m - 3 scrolls of identify {unknown}
 p - 2 scrolls of magic mapping {unknown}


   Skills:
 - Level 3.2 Fighting
 + Level 10.7 Staves
 - Level 3.2 Armour
 - Level 3.6 Shields


You had 8 spell levels left.
You didn't know any spells.
Your spell library contained the following spells:

 Spells                   Type           Power      Damage    Failure   Level
 Summon Small Mammal      Summ           0%         N/A       95%         1
 Call Canine Familiar     Summ           0%         N/A       100%        3
 Summon Guardian Golem    Hex/Summ       0%         N/A       100%        3


Dungeon Overview and Level Annotations

Branches:
Dungeon (5/15)              Sewer (visited)
 Temple: D:4-7

Altars:
Wu Jian

Annotations:
D:4 3 runed translucent doors, flotson's ghost, amateur DsGl


Innate Abilities, Weirdness & Mutations

You cannot be hasted, slowed, berserked, paralysed or teleported.
You can dig through walls and to a lower floor.
You have a pair of large antennae on your head. (SInv)
Your four strong arms can wield two-handed weapons with a shield.
You have large cloven feet.
You possess an exceptional clarity of mind.
You are very clumsy. (Dex -4)
You are dopey. (Int -2)
Your muscles are very strong. (Str +4)
You expend magic power (3 MP) to strengthen your wands.


Message History

The bullfrog skeleton is almost destroyed.
* * * LOW HITPOINT WARNING * * *
You feel very sick.
The bullfrog skeleton barely misses you.
You hit the bullfrog skeleton.
The bullfrog skeleton is almost destroyed.
You feel sick. The bullfrog skeleton hits you.
* * * LOW HITPOINT WARNING * * *
You barely miss the bullfrog skeleton.
The bullfrog skeleton is almost destroyed.
* * * LOW HITPOINT WARNING * * *
You feel sick.
The bullfrog skeleton hits you but does no damage.
You hit the bullfrog skeleton.
You destroy the bullfrog skeleton!
* * * LOW HITPOINT WARNING * * *
You feel sick.
* * * LOW HITPOINT WARNING * * *
You feel sick.
There is an open door, spattered with blood here.
Items here: ( ) [ ††.
Okay, then.
j - a +0 troll leather armour
* * * LOW HITPOINT WARNING * * *
You feel sick.
Keep disrobing?
* * * LOW HITPOINT WARNING * * *
You feel sick.
You start removing your armour.
You continue taking off your +0 chain mail.
* * * LOW HITPOINT WARNING * * *
You feel sick.
You continue taking off your +0 chain mail.
* * * LOW HITPOINT WARNING * * *
You feel sick.
You continue taking off your +0 chain mail.
* * * LOW HITPOINT WARNING * * *
You feel sick.
You continue taking off your +0 chain mail.
You die...

#.####.....####.#
#.#(.##...##..#.#
#.#...##.##...#.#
#.##...#.#...##.#
#..##.)#.#†.##..#
##...###...###...#
#........8........
#....###...###....
#...## +#.#@.# ..
#..##{{ #.#...#
#..#{ #.##...# {
#.. ... #.)# #..
... ### ..... #..


There were no monsters in sight!

Vanquished Creatures
  Pikel (D:4)
  A cane toad (D:5)
  A hornet zombie (D:5)
  2 kobold brigands (Sewer)
  A bullfrog (D:5)
  A water moccasin skeleton (D:4)
  A bullfrog zombie (D:5)
  A jelly (D:5)
  A gnoll shaman (D:5)
  A hound (D:5)
  A bullfrog skeleton (D:5)
  4 river rats (Sewer)
  11 adders
  An adder skeleton (D:4)
  A worm (D:5)
  2 dart slugs
  4 orcs
  7 bats
  An endoplasm (D:1)
  4 giant cockroaches
  4 goblins
  7 hobgoblins
  3 jackals (Sewer)
  15 kobolds
  3 quokkas
  10 ball pythons
  6 frilled lizards
  5 rats
100 creatures vanquished.

Vanquished Creatures (others)
  15 plants (Sewer)
15 creatures vanquished.

Grand Total: 115 creatures vanquished

Notes
Turn   | Place    | Note
-------+----------+-------------------------------------------
     0 | D:1      | Warped the Formicid Fighter began the quest for the Orb.
     0 | D:1      | Reached XP level 1. HP: 18/18 MP: 1/1
   314 | D:1      | Reached XP level 2. HP: 24/24 MP: 2/2
   438 | D:1      | Reached skill level 3 in Staves
   574 | D:1      | Reached XP level 3. HP: 27/29 MP: 3/3
  1070 | D:2      | Found an ornate altar of the Wu Jian Council.
  1600 | D:2      | Reached skill level 4 in Staves
  1600 | D:2      | Reached XP level 4. HP: 33/35 MP: 4/4
  2386 | D:3      | Found a glowing drain.
  2410 | D:3      | Reached XP level 5. HP: 7/41 MP: 5/5
  2607 | Sewer    | Entered a sewer
  2627 | Sewer    | Reached skill level 5 in Staves
  2658 | Sewer    | Noticed a kobold brigand
  2659 | Sewer    | Gained mutation: You are dopey. (Int -2) [potion of
                  | mutation]
  2659 | Sewer    | Gained mutation: You have large cloven feet. [potion of
                  | mutation]
  2659 | Sewer    | Gained mutation: You have hoof-like feet. [potion of
                  | mutation]
  2671 | Sewer    | Killed a kobold brigand
  2746 | Sewer    | Reached XP level 6. HP: 45/47 MP: 6/6
  2840 | Sewer    | Reached skill level 6 in Staves
  4034 | D:3      | Gained mutation: You are weak. (Str -2) [potion of
                  | mutation]
  4034 | D:3      | Gained mutation: You are clumsy. (Dex -2) [potion of
                  | mutation]
  4034 | D:3      | Gained mutation: You expend magic power (3 MP) to
                  | strengthen your wands. [potion of mutation]
  4478 | D:4      | Reached skill level 7 in Staves
  4478 | D:4      | Reached XP level 7. HP: 27/52 MP: 7/7
  4824 | D:4      | Lost mutation: You have hoof-like feet. [potion of
                  | mutation]
  4824 | D:4      | Lost mutation: You are weak. (Str -2) [potion of mutation]
  4824 | D:4      | Gained mutation: You possess an exceptional clarity of
                  | mind. [potion of mutation]
  4824 | D:4      | Gained mutation: Your muscles are strong. (Str +2) [potion
                  | of mutation]
  4824 | D:4      | Gained mutation: You are very clumsy. (Dex -4) [potion of
                  | mutation]
  4824 | D:4      | Gained mutation: Your muscles are very strong. (Str +4)
                  | [potion of mutation]
  5009 | D:4      | Found a runed translucent gate.
  5009 | D:4      | Found a runed translucent gate.
  5009 | D:4      | Found a runed translucent gate.
  5027 | D:4      | Noticed flotson's ghost (amateur DsGl)
  5038 | D:4      | Noticed Pikel
  5056 | D:4      | Killed Pikel
  5057 | D:4      | Reached skill level 9 in Staves
  5057 | D:4      | Reached XP level 8. HP: 18/58 MP: 8/8
  5503 | D:5      | Entered Level 5 of the Dungeon
  5823 | D:5      | Noticed a troll
  5834 | D:5      | Noticed a polar bear
  5834 | D:5      | a troll changed into a polar bear
  5850 | D:5      | Noticed a cane toad
  5850 | D:5      | a polar bear changed into a cane toad
  5857 | D:5      | Killed a cane toad
  5858 | D:5      | Reached skill level 10 in Staves
  5858 | D:5      | Reached XP level 9. HP: 17/64 MP: 1/9
  5864 | D:5      | HP: 3/64 [poisoned by a cane toad]
  5867 | D:5      | HP: 1/64 [poisoned by a cane toad]
  5868 | D:5      | Succumbed to a cane toad's poison

Illustrated notes

Levels and vault maps discovered:
D:1:      dpeg_arrival_water_temple_mockup, layout_basic,
          minmay_misc_feat_hallway, minmay_misc_feat_secret_circle
D:2:      layout_basic, basic_altar
D:3:      layout_basic, gup_sewer_entry_glass
D:4:      layout_cave_pods, serial_glass, glass_columns_a, glass_columns_a,
          gammafunk_ghost_necromancy, minmay_goblin_kobold_house, uniq_pikel
D:5:      cheibrodos_barr_body, layout_loops_ring,
          minmay_temple_entry_sparse_star, minmay_misc_feat_plants,
          uniq_crazy_yiuf_cottage

Skill      XL: |  1  2  3  4  5  6  7  8 |
---------------+-------------------------+-----
Staves         | 3 4 5 7 9 10 | 10.7
Fighting       | |  3.2
Armour         | |  3.2
Shields        | |  3.6

Action                   |  1- 3 |  4- 6 |  7- 9 || total
-------------------------+-------+-------+-------++-------
Melee: Quarterstaff      |    82 |   190 |   110 ||   382
       Kick              |       |    31 |    21 ||    52
 Abil: Dig               |       |     2 |       ||     2
Evoke: Wand              |       |       |     4 ||     4
  Use: Scroll            |       |     3 |       ||     3
       Potion            |       |     5 |     5 ||    10
Armor: Scale mail        |    40 |    61 |    20 ||   121
       Chain mail        |       |       |    18 ||    18
Dodge: Dodged            |    32 |    77 |    41 ||   150
Block: Buckler           |    19 |    50 |    22 ||    91

Table legend: (Time is in decaauts)
 A = Elapsed time spent in this place.
 B = Non-inter-level travel time spent in this place.
 C = Inter-level travel time spent in this place.
 D = Time resting spent in this place.
 E = Time spent auto-exploring this place.
 F = Levels seen in this place.
 G = Mean time per level.
                   A        B        C        D        E       F      G
               +--------+--------+--------+--------+--------+-----+--------+
         Total |   6041 |   5917 |    124 |    407 |   4320 |   6 | 1006.8 |
       Dungeon |   4820 |   4696 |    124 |    326 |   3642 |   5 |  964.0 |
         Sewer |   1221 |   1221 |      0 |     81 |    678 |   1 | 1221.0 |
               +--------+--------+--------+--------+--------+-----+--------+

Top non-repeatable levels by time:
   Sewer: 1221 daAuts
     D:4: 1141 daAuts
     D:2: 1136 daAuts
     D:3: 1111 daAuts
     D:1: 1078 daAuts
     D:5: 352 daAuts
